 Dungeon Crawl Stone Soup version 0.31-a0-112-gdf0485fa37 (webtiles) character file.

Game seed: 397077742344177018

1572 gelatine the Chopper (level 8, -9/61 HPs)
             Began as a Demonspawn Fighter on May 28, 2023.
             Mangled by a howler monkey (15 damage)
             ... on level 6 of the Dungeon.
             The game lasted 00:11:30 (5038 turns).

gelatine the Chopper (Demonspawn Fighter)           Turns: 5038, Time: 00:11:30

Health: -9/61      AC:  7    Str: 20    XL:     8   Next: 59%
Magic:  8/8        EV:  2    Int: 15    God:
Gold:   178        SH:  0    Dex: 12    Spells: 7/7 levels left

rFire   . . .        a - +0 war axe
rCold   . . .        c - +0 buckler
rNeg    . . .        b - +0 scale mail
rPois   .            (no helmet)
rElec   .            (no cloak)
rCorr   .            (no gloves)
SInv    .            (no boots)
Will    .....        h - amulet of regeneration Stlth
                     g - ring of flight
HPRegen 1.10/turn    x - +6 ring of intelligence
MPRegen 0.11/turn

%: no passive effects
@: sleeping, flying
A: hooves 1, foul stench 1, spiny 1, demonic touch 1
a: no special abilities


You were on level 6 of the Dungeon.
You visited 1 branch of the dungeon, and saw 6 of its levels.

You collected 178 gold pieces.

Inventory:

Hand Weapons
 a - a +0 war axe (weapon)
 p - a +1 heavy hand axe
Missiles
 k - a curare-tipped dart (quivered)
Armour
 b - a +0 scale mail (worn)
 c - a +0 buckler (worn)
Jewellery
 g - a ring of flight (left hand)
 h - an amulet of regeneration (around neck)
 x - a +6 ring of intelligence (right hand)
Scrolls
 f - a scroll of fear
 i - a scroll of blinking
 j - 2 scrolls of teleportation {unknown}
 m - a scroll of enchant weapon {unknown}
 t - a scroll of amnesia {unknown}
 v - a scroll of vulnerability {unknown}
 w - a scroll of noise {unknown}
Potions
 d - a potion of might
 l - 2 potions of brilliance
 n - 2 potions of lignification
 o - a potion of mutation
 q - 2 potions of berserk rage
 r - a potion of curing
 s - a potion of enlightenment {unknown}
 u - 2 potions of attraction {unknown}


   Skills:
 * Level 4.7 Fighting
 * Level 6.3 Axes
 * Level 3.0 Throwing
 * Level 5.1 Armour
 * Level 2.7 Dodging
 * Level 4.1 Shields


You had 7 spell levels left.
You didn't know any spells.
Your spell library contained the following spells:

 Spells                   Type           Power      Damage    Failure   Level
 Beastly Appendage        Tmut           0%         N/A       65%         1
 Magic Dart               Conj           0%         1d3       65%         1
 Slow                     Hex            0%         N/A       65%         1
 Call Imp                 Summ           0%         N/A       80%         2
 Wereblood                Tmut           0%         N/A       80%         2
 Confusing Touch          Hex            0%         N/A       95%         3
 Dazzling Flash           Conj/Hex       0%         N/A       95%         3
 Mephitic Cloud           Conj/Pois/Air  0%         N/A       95%         3
 Spider Form              Tmut/Pois      0%         N/A       95%         3
 Vampiric Draining        Necr           0%         2d6       95%         3
 Volatile Blastmotes      Fire/Tloc      0%         2d10      95%         3
 Anguish                  Hex/Necr       0%         N/A       100%        4
 Cause Fear               Hex            0%         N/A       100%        4
 Iskenderun's Mystic Bla  Conj/Tloc      0%         2d3       100%        4
 Starburst                Conj/Fire      0%         6d3       100%        6
 Enfeeble                 Hex            0%         N/A       100%        7


Dungeon Overview and Level Annotations

Branches:
Dungeon (6/15)
 Temple: D:4-7

Altars:
Nemelex Xobeh

Annotations:
D:5 1 runed translucent door, Drazool's ghost, novice NaHu


Innate Abilities, Weirdness & Mutations

You have large cloven feet.
You may rarely emit foul miasma when damaged in melee.
You are partially covered in sharp spines.
Your touch may inflict minor irresistible damage on your foes.


Message History

You kill the orc priest!
The howler monkey closely misses you.
Your Throwing skill increases to level 3!
You hit the howler monkey. Your kick misses the howler monkey.
The howler monkey is lightly wounded.
You block the howler monkey's attack.
A jelly comes into view.
A shadow imp comes into view.
You block the howler monkey's attack.
The shadow imp shouts, "Scamper away, thou baffled toad-spotted urchin!"
You slash the howler monkey!
The howler monkey is severely wounded.
The howler monkey hits you but does no damage.
You closely miss the howler monkey.
You kick the howler monkey, but do no damage.
The howler monkey is severely wounded.
The howler monkey hoots and howls with incredible vigour!
The howler monkey hits you.
* * * LOW HITPOINT WARNING * * *
You hear an angry hiss.
You hear a shout!
You hear an angry hiss.
You barely miss the black bear. You hit the howler monkey.
You slash the sleepcap! The sleepcap is struck by your spines.
The sleepcap releases spores at you but does no damage.
The black bear is struck by your spines.
The black bear bites you.
* * * LOW HITPOINT WARNING * * *
The black bear completely misses you.
The black bear claws you but does no damage.
The howler monkey is struck by your spines.
The howler monkey hits you but does no damage.
The black bear bites you.
* * * LOW HITPOINT WARNING * * *
You block the black bear's attack. x2; The sleepcap is struck by your spines.
The sleepcap releases spores at you but does no damage.
A boulder beetle comes into view.
The sleepcap releases spores at you.
* * * LOW HITPOINT WARNING * * *
You are engulfed in a cloud of soporific spores!
You fall asleep.
The howler monkey hits you!
You die...

#.................
#..........B......
#.....#.........###.
#.....##......#.....
#.....####.#.......
......#####.J..#..###
.####.......)........#
#.###...hhf....#
........#@##....
..#..............
....[..##......#.
.....## #........
..... #........ .....
......... .. #........
#........


You could see a boulder beetle, a black bear, a sleepcap, a howler monkey and a
jelly.

Vanquished Creatures
  Prince Ribbit (D:5)
  Sigmund (D:2)
  Duvessa (D:4)
  A black bear (D:4)
  2 ogres
  A gnoll sergeant (D:4)
  Dowan (D:4)
  A howler monkey (D:6)
  3 orc priests
  A jelly (D:4)
  A sleepcap (D:4)
  Jessica (D:2)
  6 iguanas
  5 orc wizards
  9 gnolls (D:4)
  3 adders
  2 shadow imps (D:5)
  5 worms
  2 dart slugs
  23 orcs
  10 ball pythons
  14 endoplasms
  3 giant cockroaches
  11 goblins
  9 hobgoblins
  4 jackals (D:3)
  10 kobolds
  6 quokkas
  2 bats
  3 frilled lizards (D:1)
  3 rats
145 creatures vanquished.

Notes
Turn   | Place    | Note
-------+----------+-------------------------------------------
     0 | D:1      | gelatine the Demonspawn Fighter began the quest for the
                  | Orb.
     0 | D:1      | Reached XP level 1. HP: 18/18 MP: 1/1
   124 | D:1      | Gained mutation: You are partially covered in sharp spines.
                  | [demonic ancestry]
   124 | D:1      | Reached XP level 2. HP: 15/24 MP: 2/2
   162 | D:1      | Reached skill level 2 in Axes
   332 | D:1      | Discovered your monstrous ancestry.
   332 | D:1      | Gained mutation: You have large cloven feet. [demonic
                  | ancestry]
   332 | D:1      | Reached XP level 3. HP: 29/29 MP: 3/3
   690 | D:2      | Noticed Jessica
   707 | D:2      | Killed Jessica
   708 | D:2      | Reached XP level 4. HP: 26/35 MP: 4/4
  1214 | D:2      | Noticed Sigmund
  1226 | D:2      | Killed Sigmund
  1227 | D:2      | Reached skill level 3 in Axes
  1227 | D:2      | Reached skill level 1 in Throwing
  1227 | D:2      | Reached skill level 1 in Dodging
  1227 | D:2      | Reached XP level 5. HP: 9/42 MP: 5/5
  2040 | D:3      | Gained mutation: Your touch may inflict minor irresistible
                  | damage on your foes. [demonic ancestry]
  2040 | D:3      | Reached XP level 6. HP: 40/48 MP: 6/6
  2121 | D:3      | Found a faded altar of an unknown god.
  2481 | D:4      | Noticed Duvessa
  2481 | D:4      | Noticed Dowan
  2487 | D:4      | Killed Duvessa
  2488 | D:4      | Reached skill level 4 in Axes
  2494 | D:4      | Killed Dowan
  2623 | D:4      | Reached XP level 7. HP: 32/54 MP: 7/7
  3401 | D:4      | Reached skill level 5 in Axes
  3785 | D:5      | Entered Level 5 of the Dungeon
  3940 | D:5      | Gained mutation: You may rarely emit foul miasma when
                  | damaged in melee. [demonic ancestry]
  3940 | D:5      | Reached XP level 8. HP: 53/61 MP: 8/8
  3969 | D:5      | Found a runed translucent door.
  3989 | D:5      | Noticed Drazool's ghost (novice NaHu)
  4245 | D:5      | Noticed Prince Ribbit
  4270 | D:5      | Killed Prince Ribbit
  4350 | D:5      | Found a sparkling altar of Nemelex Xobeh.
  4385 | D:5      | Reached skill level 6 in Axes
  4618 | D:5      | Reached skill level 5 in Armour
  5038 | D:6      | Noticed a boulder beetle
  5038 | D:6      | Mangled by a howler monkey

Illustrated notes

Levels and vault maps discovered:
D:1:      dpeg_arrival_fog, layout_rooms, minmay_bisected
D:2:      layout_basic, kennysheep_generic_room_12, uniq_sigmund, uniq_jessica
D:3:      layout_basic, serial_corexii_hall, chequers_hall_statues_corner_a,
          corexii_hall_statues_x, hellmonk_ecumenical_altar_lost_god
D:4:      layout_basic, elyvilon_altar_3, uniq_duvessa
D:5:      layout_basic, nemelex_dance_club_becter, ebering_ghost_sewer_d,
          uniq_prince_ribbit1
D:6:      cheibrodos_barr_body, layout_rooms, mainiacjoe_overflow_cross_hatched,
          serial_shops, shop, kennysheep_generic_room_8

Skill      XL: |  1  2  3  4  5  6  7  8 |
---------------+-------------------------+-----
Axes           | 2 3 4 5 6 |  6.3
Shields        | 3 4 |  4.1
Armour         | 3 4 5 |  5.1
Throwing       | 1 2 3 |  3.0
Dodging        | 1 2 |  2.7
Fighting       | 4 |  4.7

Action                     |  1- 3 |  4- 6 |  7- 9 || total
---------------------------+-------+-------+-------++-------
  Melee: War axe           |    78 |    84 |   143 ||   305
         Kick              |     6 |    21 |    44 ||    71
  Throw: Boomerang         |       |     5 |     2 ||     7
         Dart              |       |       |    13 ||    13
    Use: Potion            |       |     3 |     2 ||     5
         Scroll            |       |       |     7 ||     7
 Armour: Scale mail        |    33 |    30 |    41 ||   104
  Dodge: Dodged            |    33 |    43 |    65 ||   141
  Block: Buckler           |    16 |    19 |    23 ||    58

Table legend: (Time is in decaauts)
 A = Elapsed time spent in this place.
 B = Non-inter-level travel time spent in this place.
 C = Inter-level travel time spent in this place.
 D = Time resting spent in this place.
 E = Time spent auto-exploring this place.
 F = Levels seen in this place.
 G = Mean time per level.
                   A        B        C        D        E       F      G
               +--------+--------+--------+--------+--------+-----+--------+
         Total |   5142 |   4952 |    190 |      0 |   3892 |   6 |  857.0 |
       Dungeon |   5142 |   4952 |    190 |      0 |   3892 |   6 |  857.0 |
               +--------+--------+--------+--------+--------+-----+--------+

Top non-repeatable levels by time:
     D:2: 1263 daAuts
     D:4: 1221 daAuts
     D:5: 1202 daAuts
     D:3: 730 daAuts
     D:1: 654 daAuts
     D:6: 69 daAuts
